 Dungeon Crawl Stone Soup version 0.30.1-9-gdf580d7c3d (webtiles) character file.

Game seed: 1754180730288748726

46433 Trebucz the Eclecticist (level 14, 0/120 HPs)
             Began as a Deep Elf Hedge Wizard on Oct 11, 2023.
             Was an Initiate of Gozag.
             Slain by a catoblepas (12 damage)
             ... on level 5 of the Lair of Beasts on Oct 12, 2023.
             The game lasted 06:21:02 (27118 turns).

Trebucz the Eclecticist (Deep Elf Hedge Wizard)    Turns: 27118, Time: 06:21:04

Health: 0/120      AC: 31    Str:  4    XL:     14   Next: 4%
Magic:  25/37      EV:  2    Int: 25    God:    Gozag
Gold:   2296       SH:  0    Dex: 20    Spells: 10/47 levels left

rFire   + . .        H - +3 scimitar (chaos)
rCold   . . .        (no shield)
rNeg    . . .        y - melded +1 leather armour "Pebbecit" {Int+3}
rPois   +            n - melded +2 helmet
rElec   +            K - melded +2 cloak
rCorr   .            a - melded +2 pair of gloves
SInv    .            R - melded +2 pair of boots
Will    ++++.        j - amulet of regeneration
Stlth   +++          r - ring of Intercession {rElec rF+ Will+++ Str-3 Dex+6}
HPRegen 1.20/turn    B - +4 ring of protection
MPRegen 0.25/turn

%: no passive effects
@: tree-form (expiring), liquefying, gold aura, slowed movement, very slow
A: stationary, stasis, torment immunity, boosted hp
a: Renounce Religion, Potion Petition, Call Merchant, Bribe Branch


You were on level 5 of the Lair of Beasts.
You worshipped Gozag.
Gozag was most pleased with you.
You were a tree.
You visited 5 branches of the dungeon, and saw 20 of its levels.

You collected 4689 gold pieces.
You spent 1461 gold pieces at shops.
You paid 932 gold pieces to Gozag.

Inventory:

Hand Weapons
 b - a +2 short sword of electrocution
 e - the +7 short sword of Turmoil {heavy, rN+++ Will++ Dex-5}
   (You found it on level 11 of the Dungeon)

   Dex:       It affects your dexterity (-5).
   rN:        It renders you almost immune to negative energy.
   Will:      It greatly increases your willpower.
 k - a +1 vampiric rapier
 q - a +3 great sword
 H - a +3 scimitar of chaos (weapon)
Armour
 a - a +2 pair of gloves (melded)
 n - a +2 helmet (melded)
 o - a +1 chain mail of fire resistance
 y - the +1 leather armour "Pebbecit" (melded) {Int+3}
   (You found it on level 6 of the Dungeon)

   Int:       It affects your intelligence (+3).
 K - a +2 cloak (melded)
 R - a +2 pair of boots (melded)
 S - a scarf of repulsion
Jewellery
 c - a ring of fire
 d - a ring of magical power
 j - an amulet of regeneration (around neck)
 r - the ring of Intercession (left branch) {rElec rF+ Will+++ Str-3 Dex+6}
   (You acquired it on level 4 of the Dungeon)

   [ring of dexterity]

   Str:       It affects your strength (-3).
   Dex:       It affects your dexterity (+6).
   rF:        It protects you from fire.
   rElec:     It insulates you from electricity.
   Will:      It greatly increases your willpower.
 z - a ring of see invisible
 B - a +4 ring of protection (right branch)
 C - an amulet of the acrobat
 I - an amulet of faith
 Q - a ring of wizardry
Wands
 l - a wand of paralysis (16)
 F - a wand of light (6)
 G - a wand of flame (25)
 M - a wand of digging (4)
 U - a wand of roots (9)
Scrolls
 f - a scroll of identify
 m - 2 scrolls of noise
 p - 2 scrolls of immolation
 t - 2 scrolls of amnesia
 w - 2 scrolls of torment
 x - a scroll of silence
 A - 4 scrolls of fog
 L - a scroll of brand weapon
 O - 4 scrolls of teleportation
Potions
 g - 3 potions of flight
 s - 2 potions of mutation
 u - 4 potions of heal wounds
 v - 3 potions of curing
 D - 3 potions of resistance
 E - a potion of attraction
 J - a potion of invisibility
 P - a potion of cancellation
 T - a potion of brilliance
Miscellaneous
 N - a phantom mirror


   Skills:
 * Level 6.1 Fighting
 + Level 4.1(5.6) Short Blades
 + Level 5.4(6.0) Long Blades
 + Level 3.7 Armour
 * Level 12.8 Dodging
 + Level 5.3 Stealth
 + Level 17.0 Spellcasting
 + Level 8.1 Conjurations
 + Level 1.3 Hexes
 + Level 5.4 Summonings
 + Level 2.0 Translocations
 + Level 0.2 Transmutations
 + Level 8.3 Ice Magic
 + Level 0.8 Air Magic
 + Level 7.5 Earth Magic
 + Level 1.1 Poison Magic
 + Level 1.8 Evocations


You had 10 spell levels left.
You knew the following spells:

 Your Spells              Type           Power      Damage    Failure   Level
a - Magic Dart            Conj           100%       1d8       1%          1
b - Blink                 Tloc           62%        N/A       1%          2
d - Ozocubu's Armour      Ice            59%        N/A       1%          3
e - Passwall              Tmut/Erth      33%        N/A       1%          2
f - Stone Arrow           Conj/Erth      100%       3d13      1%          3
g - Mephitic Cloud        Conj/Pois/Air  38%        N/A       1%          3
h - Summon Ice Beast      Ice/Summ       54%        N/A       1%          4
i - Leda's Liquefaction   Hex/Erth       21%        N/A       3%          4
j - Ice Form              Ice/Tmut       42%        N/A       4%          4
k - Lee's Rapid Deconstr  Erth           28%        3d15*     3%          5
l - Slow                  Hex            100%       N/A       1%          1
m - Arcjolt               Conj/Air       21%        1d31      11%         5

Your spell library contained the following spells:

 Spells                   Type           Power      Damage    Failure   Level
 Foxfire                  Conj/Fire      100%       2x1d9     1%          1
 Sandblast                Erth           100%       2d20      1%          1
 Call Imp                 Summ           96%        N/A       1%          2
 Frozen Ramparts          Ice            100%       1d16      1%          3
 Necrotise                Necr           84%        1d8       2%          1
 Cigotuvi's Dreadful Rot  Necr/Pois/Air  48%        N/A       2%          2
 Vhi's Electric Charge    Tloc/Air       56%        N/A       4%          3
 Ozocubu's Refrigeration  Ice            29%        4d14      54%         7
 Statue Form              Tmut/Erth      26%        N/A       58%         6
 Plasma Beam              Fire/Air       11%        2x1d24    97%         6
 Borgnjor's Revivificati  Necr           10%        N/A       100%        8
 Necromutation            Tmut/Necr      11%        N/A       100%        8


Dungeon Overview and Level Annotations

Branches:
Dungeon (12/15)            Temple (1/1) D:7            Lair (3/5) D:10
 Shoals (0/4) Lair:3       Spider (0/4) Lair:2          Orc (2/2) D:12
    Elf (1/3) Orc:2

Altars:
Ashenzari
Cheibriados
Dithmenos
Elyvilon
Fedhas
Gozag
Hepliaklqana
Kikubaaqudgha
Makhleb
Nemelex Xobeh
Okawaru
Qazlal
Ru
Sif Muna
Trog
Uskayaw
Vehumet
Wu Jian
Xom
Yredelemnul
Zin
The Shining One

Shops:
D:1 (   D:2 (   D:11 *   D:12 :?[([   Orc:2 [!:(


Message History

You slash the skyshark!
You kill the skyshark!
The death yak gores you but does no damage. x2
The death yak gores you.
The death yak becomes momentarily stuck in the liquid earth.
The dream sheep is engulfed in calcifying dust.
The dream sheep is moving more slowly.
The catoblepas gores you!
The yak is engulfed in calcifying dust.
The yak is moving more slowly.
A yak and a dream sheep come into view.
Aiming: Phantom Mirror
Press: ? - help, Q - select action, (/) - cycle Dir - move target, f/p - catoblepas
Aim: a catoblepas (lightly wounded, covering ground slowly) Nothing appears to happen.
Your transformation is almost over.
The yak stops moving altogether!
The death yak becomes momentarily stuck in the liquid earth.
The death yak gores you!
The dream sheep shake their wool and sparkle.
You feel drowsy...
You fall asleep.
The death yak gores you!
You wake up.
* * * LOW HITPOINT WARNING * * *
The dream sheep bites you!
* * * LOW HITPOINT WARNING * * *
The death yak gores you but does no damage.
The catoblepas gores you but does no damage.
A yak comes into view.
The yak barely misses the catoblepas.
A dream sheep comes into view.
The dream sheep bleats!
You feel much better. The death yak gores you!!
* * * LOW HITPOINT WARNING * * *
The death yak gores you but does no damage. x2
The dream sheep is distracted by your dazzling golden aura.
The dream sheep bites you but does no damage.
The death yak becomes momentarily stuck in the liquid earth.
The yak is engulfed in poison gas.
The yak is poisoned.
The dream sheep "Baaaas" balefully.
The catoblepas gores you!
You die...
Your body crumbles into a pile of gold.

#................#
.#§§§§§#P§§#§§☼..##
.§§§§§§☼§§§§§☼...#
#§§§§§§§§P§§§.### $
#§§§§☼§☼§§§§§.#
#§§§§§§§§§§§§.#
###YYl§§§P§.§## #
###YYY§#§§§§#
##.#.#Y♣Y§§#...#
#§§§§lYYYY§§§§☼.#
#§§§§§§YYY§§§§§§.#
#.§☼§§☼§§.YY§§§§§.#
#..§§§☼§§§.YY#☼§§#.#
...☼§§§§§§§.§.#§☼§
...§☼§§☼§§Y.§..§§#
...☼☼§§§§§§§§YY.§§
..l.............


You could see 4 death yaks, a catoblepas (struggling), a skyshark, a komodo
dragon (struggling), 9 yaks and 7 dream sheep.

Vanquished Creatures
  An orc warlord (Orc:2)
  3 two-headed ogres
  8 death yaks
  A boulder beetle (Lair:2)
  2 orc high priests (Orc:2)
  Urug (Orc:2)
  2 skysharks
  6 orc knights
  2 orc sorcerers (Orc:2)
  A cyclops (D:11)
  2 manticores (D:11)
  2 black mambas
  3 torpor snails
  6 cane toads
  3 unseen horrors
  3 rime drakes
  3 komodo dragons
  2 trolls
  A polar bear (Lair:1)
  A hornet (D:9)
  20 blink frogs
  4 jumping spiders (Lair:2)
  4 culicivoras (Lair:2)
  Sigmund (D:4)
  21 yaks
  2 shadows
  A vampire (D:9)
  2 wyverns
  5 basilisks
  3 wraiths
  A redback (Lair:2)
  13 vampire mosquitoes
  A steam dragon (Lair:2)
  Grum (D:8)
  A warg (Orc:1)
  5 water moccasins
  An ice beast (D:7)
  A sky beast (D:8)
  A black bear (D:6)
  23 orc warriors
  2 wolves (D:8)
  8 centaurs
  6 ogres
  A phantom (D:7)
  2 kobold brigands
  9 bullfrogs
  A gnoll sergeant (D:8)
  A scorpion (D:4)
  8 wights (D:8)
  18 killer bees
  5 howler monkeys
  2 electric eels (D:11)
  A jelly (D:5)
  7 orc priests
  2 hounds
  2 iguanas
  3 sleepcaps
  Natasha (twice) (D:2)
  21 orc wizards
  4 adders
  10 gnolls
  A shadow imp (D:8)
  2 white imps (D:6)
  4 dart slugs
  A worm (D:5)
  64 orcs
  7 ball pythons
  6 endoplasms
  4 giant cockroaches
  4 goblins
  4 hobgoblins
  5 jackals
  6 quokkas
  8 bats
  3 frilled lizards
  21 kobolds
  5 rats
424 creatures vanquished.

Vanquished Creatures (collateral kills)
  The ghost of baghtru the Cleaver, a journeyman HOFi of Qazlal (Lair:1)
  An orc high priest (Orc:2)
  2 orc sorcerers
  A cane toad (Lair:2)
  A gargoyle (D:12)
  A kobold demonologist (D:10)
  2 komodo dragons (Lair:1)
  4 yaks (Lair:1)
  A vampire mosquito (D:12)
  A water moccasin (Lair:2)
  An orc warrior (Orc:1)
  2 ogres
  A centaur (D:11)
  A phantom (D:5)
  A kobold brigand (D:9)
  2 killer bees (D:7)
  4 howler monkeys
  4 orc priests
  Terence (D:2)
  A sleepcap (D:7)
  A gnoll (D:5)
  An adder (D:2)
  A worm (D:5)
  6 orcs
  A hobgoblin (D:1)
  A jackal (D:1)
  A quokka (D:4)
  A ball python (D:3)
  4 kobolds (D:9)
  A rat (D:2)
51 creatures vanquished.

Grand Total: 475 creatures vanquished

Notes
Turn   | Place    | Note
-------+----------+-------------------------------------------
     0 | D:1      | Trebucz the Deep Elf Hedge Wizard began the quest for the
                  | Orb.
     0 | D:1      | Reached XP level 1. HP: 10/10 MP: 7/7
   178 | D:1      | Reached skill level 5 in Spellcasting
   200 | D:1      | Reached XP level 2. HP: 11/15 MP: 2/10
   203 | D:1      | Learned a level 2 spell: Blink
   206 | D:1      | Learned a level 2 spell: Call Imp
   343 | D:1      | Found Doxuw's Weapon Boutique.
   489 | D:1      | Found a faded altar of an unknown god.
  1124 | D:2      | Noticed Terence
  1174 | D:2      | Reached XP level 3. HP: 19/19 MP: 7/12
  1244 | D:2      | Found Daxtisk's Antique Weapon Emporium.
  1581 | D:2      | Identified 3 scrolls of acquirement
  1637 | D:2      | Reached skill level 6 in Spellcasting
  1751 | D:2      | Noticed Natasha
  1780 | D:2      | Killed Natasha
  1781 | D:2      | Reached XP level 4. HP: 24/24 MP: 6/14
  1864 | D:2      | Learned a level 3 spell: Ozocubu's Armour
  1913 | D:2      | Found a burning altar of Makhleb.
  2140 | D:2      | Noticed Natasha
  2161 | D:2      | Killed Natasha
  2194 | D:3      | Found a basalt altar of Yredelemnul.
  2194 | D:3      | Found a blossoming altar of Fedhas.
  2195 | D:3      | Found a shadowy altar of Dithmenos.
  2229 | D:3      | Found a radiant altar of Vehumet.
  2518 | D:3      | Reached XP level 5. HP: 28/28 MP: 2/16
  2603 | D:3      | Found an ornate altar of the Wu Jian Council.
  2706 | D:3      | Found a hazy altar of Hepliaklqana.
  2855 | D:3      | Reached skill level 7 in Spellcasting
  2902 | D:3      | Reached skill level 1 in Ice Magic
  3095 | D:3      | Found a glowing golden altar of the Shining One.
  3097 | D:3      | Found a broken altar of Ashenzari.
  3439 | D:4      | Noticed Sigmund
  3459 | D:4      | Reached XP level 6. HP: 31/32 MP: 5/18
  3538 | D:4      | Acquired a +0 vampiric rapier
  3694 | D:2      | Killed Terence
  4022 | D:4      | Reached skill level 1 in Short Blades
  4022 | D:4      | Reached skill level 8 in Spellcasting
  4033 | D:4      | Killed Sigmund
  4034 | D:4      | Reached XP level 7. HP: 37/37 MP: 11/20
  4051 | D:4      | Acquired the ring of Intercession {rElec rF+ Will+++ Str-3
                  | Dex+6}
  4513 | D:5      | Entered Level 5 of the Dungeon
  4876 | D:5      | Found a stormy altar of Qazlal.
  5283 | D:5      | Reached skill level 9 in Spellcasting
  5406 | D:5      | Learned a level 2 spell: Passwall
  5410 | D:5      | Learned a level 3 spell: Stone Arrow
  5414 | D:5      | Learned a level 3 spell: Mephitic Cloud
  5685 | D:3      | Became a worshipper of the Shining One
  5828 | D:5      | Fell from the grace of the Shining One
  6302 | D:6      | Reached XP level 8. HP: 42/42 MP: 0/23
  6307 | D:6      | Acquired a scarf of repulsion
  6684 | D:6      | Reached skill level 10 in Spellcasting
  7010 | D:6      | Reached skill level 1 in Earth Magic
  7011 | D:6      | Identified the +1 leather armour "Pebbecit" {Int+3}
  7616 | D:7      | Reached skill level 1 in Armour
  7623 | D:7      | Reached skill level 1 in Fighting
  7643 | D:7      | Reached skill level 11 in Spellcasting
  7850 | D:7      | Reached XP level 9. HP: 47/47 MP: 16/26
  7864 | D:7      | Reached skill level 5 in Dodging
  8521 | D:7      | Found a staircase to the Ecumenical Temple.
  8723 | Temple   | Entered the Ecumenical Temple
  8731 | Temple   | Became a worshipper of Gozag Ym Sagoz the Greedy
  9330 | D:8      | Found a shimmering blue altar of Sif Muna.
  9765 | D:8      | Reached skill level 12 in Spellcasting
  9905 | D:8      | Reached skill level 5 in Conjurations
 10127 | D:8      | Noticed Grum
 10135 | D:8      | Killed Grum
 10136 | D:8      | Reached XP level 10. HP: 33/52 MP: 14/28
 10883 | D:9      | Learned a level 4 spell: Summon Ice Beast
 11032 | D:9      | Found a shimmering altar of Xom.
 11374 | D:9      | Found an ancient bone altar of Kikubaaqudgha.
 11576 | D:10     | Entered Level 10 of the Dungeon
 11780 | D:10     | Found a staircase to the Lair.
 12616 | D:10     | Reached skill level 13 in Spellcasting
 12616 | D:10     | Reached skill level 5 in Ice Magic
 14203 | D:11     | Noticed a cyclops
 14203 | D:11     | Noticed a two-headed ogre
 14208 | D:11     | Killed a cyclops
 14209 | D:11     | Reached XP level 11. HP: 57/57 MP: 14/30
 14344 | D:11     | Killed a two-headed ogre
 14345 | D:11     | Reached skill level 1 in Evocations
 14470 | D:11     | Got the Directory of the Undead Inferno
 14476 | D:11     | Learned a level 4 spell: Leda's Liquefaction
 14510 | D:11     | Noticed a two-headed ogre
 14526 | D:11     | Killed a two-headed ogre
 14851 | D:11     | Reached skill level 14 in Spellcasting
 15161 | D:11     | Identified the +7 short sword of Turmoil {heavy, rN+++
                  | Will++ Dex-5}
 15613 | D:11     | Bought a scroll of identify for 54 gold pieces
 15895 | D:12     | Found Hearogh's Magic Scroll Emporium.
 15905 | D:12     | Bought 2 scrolls of identify for 68 gold pieces
 15905 | D:12     | Bought a scroll of teleportation for 51 gold pieces
 15905 | D:12     | Bought a scroll of identify for 34 gold pieces
 15905 | D:12     | Bought a scroll of teleportation for 51 gold pieces
 15905 | D:12     | Bought a scroll of brand weapon for 161 gold pieces
 15905 | D:12     | Bought a scroll of teleportation for 51 gold pieces
 15905 | D:12     | Bought 3 scrolls of identify for 102 gold pieces
 15949 | D:12     | Found Tedeleus's Book Boutique.
 15952 | D:12     | Bought a book of Lightning for 442 gold pieces
 15997 | D:12     | Reached skill level 5 in Earth Magic
 16034 | D:12     | Found Dirodidd's Armour Shoppe.
 16133 | D:12     | Found Qoumiep's Weapon Emporium.
 16200 | D:12     | Found Habekaon's Armour Shop.
 16378 | D:12     | Reached skill level 10 in Dodging
 16394 | D:12     | Found a staircase to the Orcish Mines.
 16474 | D:12     | Found a glowing silver altar of Zin.
 16573 | Orc:1    | Entered Level 1 of the Orcish Mines
 16573 | Orc:1    | Noticed an orc knight
 16641 | Orc:1    | Noticed an orc warlord
 16730 | Orc:1    | Noticed an orc sorcerer
 16753 | Orc:1    | Killed an orc sorcerer
 16773 | Orc:2    | Entered Level 2 of the Orcish Mines
 16773 | Orc:2    | Noticed Urug
 16783 | Orc:2    | Killed Urug
 17026 | Orc:2    | Noticed a two-headed ogre
 17174 | Orc:2    | Killed a two-headed ogre
 17328 | Orc:2    | Reached skill level 1 in Hexes
 17507 | Orc:2    | Found a staircase to the Elven Halls.
 17625 | Elf:1    | Entered Level 1 of the Elven Halls
 17625 | Elf:1    | Noticed a deep elf pyromancer
 17821 | Orc:2    | Noticed an orc knight
 18191 | Orc:2    | Killed an orc knight
 18192 | Orc:2    | Reached skill level 15 in Spellcasting
 18337 | Orc:2    | Noticed an orc knight
 18350 | Orc:2    | Reached XP level 12. HP: 64/64 MP: 19/33
 18797 | Orc:2    | Noticed an orc high priest
 18910 | Orc:2    | Killed an orc high priest
 19008 | Orc:2    | Learned a level 4 spell: Ice Form
 19014 | Orc:2    | Learned a level 5 spell: Lee's Rapid Deconstruction
 19016 | Orc:2    | Learned a level 1 spell: Slow
 19022 | Orc:2    | Learned a level 5 spell: Arcjolt
 19169 | Orc:2    | Reached skill level 1 in Long Blades
 19382 | Orc:2    | Noticed an orc high priest
 19385 | Orc:2    | Noticed an orc high priest
 19389 | Orc:2    | Killed an orc high priest
 19390 | Orc:2    | Reached skill level 5 in Summonings
 19957 | Orc:2    | Killed an orc high priest
 19958 | Orc:2    | Reached skill level 1 in Poison Magic
 20020 | Orc:2    | Found Ramu's Distillery.
 20020 | Orc:2    | Found Nategud's Armour Boutique.
 20022 | Orc:2    | Found Nophe's Weapon Emporium.
 20022 | Orc:2    | Found Emoqub's Book Boutique.
 20028 | Orc:2    | Bought a potion of lignification for 30 gold pieces
 20028 | Orc:2    | Bought a potion of heal wounds for 50 gold pieces
 20028 | Orc:2    | Bought a potion of curing for 30 gold pieces
 20028 | Orc:2    | Bought 2 potions of curing for 60 gold pieces
 20028 | Orc:2    | Bought a potion of curing for 30 gold pieces
 20034 | Orc:2    | Bought a +2 cloak for 247 gold pieces
 20867 | Orc:2    | Killed an orc warlord
 21915 | D:12     | Identified the +4 falchion of Truncation {heavy, Str+4
                  | Int-5}
 22248 | Lair:1   | Entered Level 1 of the Lair of Beasts
 22320 | Lair:1   | Found a runed translucent door.
 22705 | Lair:1   | Noticed baghtru's ghost (journeyman HOFi)
 22718 | Lair:1   | Noticed a death yak
 22881 | Lair:1   | Reached XP level 13. HP: 72/72 MP: 2/34
 23090 | Lair:1   | Reached skill level 16 in Spellcasting
 23095 | Lair:1   | Reached skill level 5 in Stealth
 23875 | Lair:1   | Killed baghtru's ghost
 23967 | Lair:2   | Reached skill level 5 in Fighting
 25127 | Lair:2   | Reached skill level 5 in Long Blades
 25850 | Lair:2   | Found a hole to the Spider Nest.
 26582 | Lair:3   | Found a staircase to the Shoals.
 26732 | Lair:3   | Reached skill level 17 in Spellcasting
 26799 | Lair:3   | Reached XP level 14. HP: 80/80 MP: 26/37
 27085 | Lair:3   | You fall into a shaft and drop 2 floors!
 27085 | Lair:5   | Entered Level 5 of the Lair of Beasts
 27118 | Lair:5   | Slain by a catoblepas

Illustrated notes

Levels and vault maps discovered:
D:1:      lemuel_arrival_muddy, layout_loops_corners, serial_shops,
          nicolae_shop_window_shopping, ebering_ecumenical_altar_mist,
          nicolae_eternal_life
D:2:      layout_loops_cross, serial_shops, shop, basic_altar,
          dk_noncrumbling_3, uniq_natasha, uniq_terence
D:3:      layout_basic, mainiacjoe_overflow_cross_hatched,
          nicolae_hepliaklqana_hippocampus, nicolae_overflow_hidden_temple,
          mainiacjoe_overflow_tiny_flanked
D:4:      layout_loops_ring, hangedman_abyss_or_decor_stabs, uniq_sigmund
D:5:      layout_loops_cross, nicolae_qazlal_eye_of_the_storm
D:6:      layout_cave_pods
D:7:      layout_loops_ring, minmay_temple_entry_mini_moons,
          reono_crystal_passage
D:8:      layout_cave_pools, led_sif_pool, chequers_ossuary_entry_cave,
          hangedman_decor_slide_cut, uniq_grum
D:9:      layout_roguey, amcnicky_altar_gilded,
          nicolae_kikubaaqudgha_miasma_corner, grunt_ministairs_9, dk_vineyard_2
D:10:     layout_basic, david_lair_shrubbed, minmay_misc_feat_more_columns,
          kennysheep_nondescript
D:11:     layout_roguey, kennysheep_cross_room
D:12:     layout_loops_cross, orc_0_dummy, serial_shops,
          nicolae_shop_tiny_real_fake_doors, shop, nicolae_shop_tiny_glass,
          shop, nicolae_shop_window_shopping, zin_treasury
Temple:   eino_temple_lava
Lair:1:   layout_gridlike, ebering_ghost_inner_flame
Lair:2:   layout_regular_city, nicolae_spider_entry_tight_spaces,
          gauntlet_entry_generic, st_stairs_5, infiniplex_staircase_pool_2
Lair:3:   layout_long_grid, shoals_dummy_entry
Lair:5:   due_jungle_book, layout_gridlike, grunt_megastairs_5
Orc:1:    layout_diamond_mine
Orc:2:    grunt_orc_tribal_feast, layout_caves, uniq_urug
Elf:1:    elf_arrival_001, layout_loops_corners, orc_legates, uniq_zenata,
          uniq_jorgrun

Skill      XL: |  1  2  3  4  5  6  7  8  9 10 11 12 13 |
---------------+----------------------------------------+-----
Spellcasting   | 5 6 7 8 9 11 12 13 15 17 | 17.0
Conjurations   | 2 3 4 5 6 7 8 |  8.1
Ice Magic      | 1 2 3 4 5 6 7 8 |  8.3
Summonings     | 2 3 4 5 |  5.4
Short Blades   | 1 2 3 4 |  4.1
Dodging        | 3 4 7 8 10 11 12 | 12.8
Stealth        | 3 4 5 |  5.3
Earth Magic    | 2 3 4 5 6 7 |  7.5
Armour         | 1 2 3 |  3.7
Fighting       | 1 3 4 6 |  6.1
Evocations     | 1 |  1.8
Hexes          | 1 |  1.3
Long Blades    | 3 5 |  5.4
Poison Magic   | 1 |  1.1
Translocations | 2 |  2.0
Transmutations | |  0.2
Air Magic      | |  0.8

Action                     |  1- 3 |  4- 6 |  7- 9 | 10-12 | 13-15 || total
---------------------------+-------+-------+-------+-------+-------++-------
  Melee: Dagger            |    15 |       |       |       |       ||    15
         Short sword       |       |    55 |       |   100 |       ||   155
         Rapier            |       |    21 |   118 |   125 |     2 ||   266
         Punch             |       |       |       |     8 |     3 ||    11
         Scimitar          |       |       |       |   123 |   218 ||   341
   Cast: Magic Dart        |    97 |    82 |   108 |    26 |     7 ||   320
         Call Imp          |     7 |     7 |    30 |     1 |       ||    45
         Ozocubu's Armour  |       |    18 |    44 |   110 |    37 ||   209
         Stone Arrow       |       |       |   107 |   300 |   159 ||   566
         Blink             |       |       |     1 |     7 |     4 ||    12
         Mephitic Cloud    |       |       |     5 |    24 |     4 ||    33
         Summon Ice Beast  |       |       |       |    48 |    15 ||    63
         Passwall          |       |       |       |     3 |       ||     3
         Leda's Liquefacti |       |       |       |    11 |     4 ||    15
         Ice Form          |       |       |       |     1 |       ||     1
         Lee's Rapid Decon |       |       |       |       |     5 ||     5
         Arcjolt           |       |       |       |       |     2 ||     2
 Invoke: Renounce Religion |       |       |     1 |       |       ||     1
         Call Merchant     |       |       |       |     1 |       ||     1
         Potion Petition   |       |       |       |       |     1 ||     1
  Evoke: Wand              |     1 |     4 |       |    20 |     2 ||    27
         Phantom mirror    |       |       |       |     1 |     2 ||     3
    Use: Scroll            |     6 |     7 |     9 |    16 |     5 ||    43
         Potion            |       |     1 |     3 |    11 |     4 ||    19
   Stab: Paralysed         |       |     3 |       |     6 |    10 ||    19
         Sleeping          |       |     1 |       |     1 |       ||     2
         Distracted        |       |       |     1 |     1 |     1 ||     3
         Confused          |       |       |     1 |     2 |     3 ||     6
 Armour: Robe              |     4 |    32 |    53 |       |       ||    89
         Skin              |       |     9 |       |       |    41 ||    50
         Leather armour    |       |       |   197 |   481 |   135 ||   813
  Dodge: Dodged            |    23 |    60 |   263 |   509 |   262 ||  1117
         Repelled          |       |       |     8 |     3 |       ||    11
